 Dungeon Crawl Stone Soup version 0.28.0-53-g5a82cb258f (webtiles) character file.

Game seed: 4266723674154535638

41 MiltankisOP the Skirmisher (level 3, -3/27 HPs)
             Began as an Octopode Monk on July 14, 2022.
             Killed from afar by Natasha (11 damage)
             ... with a magic dart
             ... on level 2 of the Dungeon.
             The game lasted 00:00:59 (1347 turns).

MiltankisOP the Skirmisher (Octopode Monk)          Turns: 1347, Time: 00:01:00

Health: -3/27      AC:  1    Str: 10    XL:     3   Next: 52%
Magic:  3/3        EV: 14    Int: 12    God:
Gold:   67         SH:  0    Dex: 16    Spells: 2/2 levels left

rFire   . . .      SeeInvis .     - Unarmed
rCold   . . .      Faith    .   (no shield)
rNeg    . . .      Spirit   .   (helmet restricted)
rPois   .          Reflect  .   (no amulet)
rElec   .          Harm     .   (no ring)
rCorr   .          Rampage  .   (no ring)
Will    .....                   (no ring)
Stlth   +++.......              (no ring)
HPRegen 0.09/turn               (no ring)
MPRegen 0.08/turn               (no ring)
                                (no ring)
                                (no ring)

@: slowed, very slow
A: almost no armour, amphibious, 8 rings, camouflage 1, gelatinous body 1,
(nimble swimmer 1), tentacles
a: no special abilities


You were on level 2 of the Dungeon.
You visited 1 branch of the dungeon, and saw 2 of its levels.

You collected 67 gold pieces.

Inventory:

Scrolls
 c - 3 scrolls of amnesia {unknown}
 d - a scroll of teleportation {unknown}
 e - a scroll of identify {unknown}
Potions
 a - a potion of heal wounds {unknown}
 b - a potion of attraction {unknown}
 f - a potion of curing {unknown}
 g - 2 potions of mutation {unknown}


   Skills:
 + Level 4.4 Fighting
 - Level 3.0 Dodging
 - Level 2.6 Stealth
 - Level 3.0 Unarmed Combat


You had 2 spell levels left.
You didn't know any spells.
Your spell library was empty.

Dungeon Overview and Level Annotations

Branches:
Dungeon (2/15)

Altars:

Annotations:
D:2 Natasha


Innate Abilities, Weirdness & Mutations

You cannot wear most types of armour.
You are amphibious.
You can wear up to eight rings at the same time.
Your skin changes colour to match your surroundings (Stealth+).
Your rubbery body absorbs attacks. (AC +1, EV +1)
((You are camouflaged when in or above water. (Stealth+)))
You have tentacles for arms and can constrict up to eight enemies at once.


Message History

You tentacle-slap the adder. You grab the adder.
The adder is heavily wounded.
You constrict the adder. The adder closely misses you.
You barely miss the adder.
The adder is severely wounded.
You constrict the adder. The adder bites you.
You tentacle-slap the adder.
You kill the adder!
No target in view!
No target in view!
No target in view!
No target in view!
No target in view!
No target in view!
Found 24 stones.
Found an escape hatch in the ceiling.
You open the door.
There is an open door here.
Natasha, Servant of Life and Death comes into view.
Natasha is nearby!
Natasha casts a spell at you. The magic dart hits you.
Natasha casts a spell.
Natasha wildly gestures.
Natasha glows brightly for a moment.
Natasha misses you. The white imp closely misses you.
You miss Natasha. Your grab misses Natasha. Natasha casts a spell at you.
You feel yourself slow down. The white imp closely misses you.
You closely miss Natasha. Your grab misses Natasha. Natasha claws you.
The white imp misses you.
Natasha stares at you and mumbles some strange words.
The magic dart hits you.
You are too injured to fight recklessly!
You barely miss Natasha. You grab Natasha. You constrict Natasha.
The white imp gestures at you. The puff of frost hits you!
* * * LOW HITPOINT WARNING * * *
Natasha stares at you and mumbles some strange words.
The magic dart hits you!
You die...

.. #...###.#.#
...#...'...#
...#...######
.............#
##...........#
#
#...........#
#
(............#
#
<............#
+
........@....+
#
#......5h....#
#
............#
#
...##########
# ... # ## # #
#


You could see Natasha and a white imp (summoned).

Vanquished Creatures
  2 adders (D:2)
  A dart slug (D:2)
  2 endoplasms (D:1)
  A giant cockroach (D:1)
  A hobgoblin (D:2)
  3 jackals (D:1)
  2 kobolds (D:1)
  4 quokkas (D:1)
  A frilled lizard (D:1)
  2 goblins (D:1)
  A rat (D:2)
20 creatures vanquished.

Notes
Turn   | Place    | Note
-------+----------+-------------------------------------------
     0 | D:1      | MiltankisOP the Octopode Monk began the quest for the Orb.
     0 | D:1      | Reached XP level 1. HP: 16/16 MP: 1/1
   296 | D:1      | Reached XP level 2. HP: 21/21 MP: 2/2
   634 | D:1      | Found a faded altar of an unknown god.
   970 | D:2      | Reached skill level 4 in Fighting
   970 | D:2      | Reached XP level 3. HP: 15/27 MP: 3/3
  1339 | D:2      | Noticed Natasha
  1347 | D:2      | Killed from afar by Natasha

Illustrated notes

Levels and vault maps discovered:
D:1:      minmay_arrival_hallway, layout_basic, ebering_ecumenical_altar_ruins
D:2:      kennysheep_big_flooded_room, layout_basic, uniq_robin, uniq_natasha

Skill      XL: |  1  2 |
---------------+-------+-----
Fighting       | 4 |  4.4
Dodging        | |  3.0
Stealth        | |  2.6
Unarmed Combat | |  3.0

Action                   || total
-------------------------++-------
Melee: Unarmed           ||    50
       Tentacles         ||     8
       Constrict         ||     9
       Punch             ||     2
 Stab: Sleeping          ||     3
Armor: Skin              ||     2
Dodge: Dodged            ||    36
